 Dungeon Crawl Stone Soup version 0.31-a0-236-g9a0961fb85 (webtiles) character file.

Game seed: 14603122943209350111

487 promet the Covered (level 7, -3/44 HPs)
             Began as a Gargoyle Fighter on July 10, 2023.
             Was a Follower of Uskayaw.
             Shot with an arrow by a centaur (8 damage)
             ... on level 5 of the Dungeon.
             The game lasted 00:18:34 (4669 turns).

promet the Covered (Gargoyle Fighter)               Turns: 4669, Time: 00:18:35

Health: -3/44      AC: 12    Str: 20    XL:     7   Next: 13%
Magic:  7/7        EV: 10    Int: 10    God:    Uskayaw [*.....]
Gold:   202        SH:  0    Dex:  9    Spells: 6/6 levels left

rFire   . . .        a - +0 scythe
rCold   . . .        (shield currently unavailable)
rNeg    + . .        l - +0 scale mail
rPois   ∞            (no helmet)
rElec   +            (no cloak)
rCorr   .            (no gloves)
SInv    .            (no boots)
Will    .....        (no amulet) Stlth
                     (no ring)
HPRegen 0.27/turn    (no ring)
MPRegen 0.10/turn

%: no passive effects
@: no status effects
A: sickness immunity, AC +4, negative energy resistance 1, electricity
resistance, torment resistance 1, petrification resistance
a: Renounce Religion, Stomp


You were on level 5 of the Dungeon.
You worshipped Uskayaw.
Uskayaw was noncommittal.
You visited 1 branch of the dungeon, and saw 5 of its levels.

You collected 202 gold pieces.

Inventory:

Hand Weapons
 a - a +0 scythe (weapon)
 b - a +0 sling
 d - a +0 flail
Missiles
 g - 41 stones
 i - 5 javelins (quivered)
 m - 5 poisoned darts
 t - 2 throwing nets
Armour
 c - a +0 buckler
 l - a +0 scale mail (worn)
Jewellery
 h - an amulet of regeneration
 k - an amulet of magic regeneration
 u - a ring of willpower
Wands
 n - a wand of polymorph (7)
 o - a wand of digging (7)
Scrolls
 e - a scroll of poison
 r - a scroll of fog
Potions
 f - 4 potions of curing
 j - 2 potions of brilliance
 p - a potion of haste {unknown}
 q - a potion of cancellation {unknown}
 s - a potion of invisibility {unknown}


   Skills:
 + Level 4.6 Fighting
 + Level 3.6 Maces & Flails
 + Level 2.1 Polearms
 + Level 1.2 Ranged Weapons
 + Level 0.5 Throwing
 + Level 4.8 Armour
 + Level 1.1 Dodging
 + Level 0.1 Stealth
 + Level 4.4 Shields


You had 6 spell levels left.
You didn't know any spells.
Your spell library contained the following spells:

 Spells                   Type           Power      Damage    Failure   Level
 Freeze                   Ice            0%         1d3       71%         1
 Frozen Ramparts          Ice            0%         1d1       97%         3
 Hailstorm                Conj/Ice       0%         3d3       97%         3
 Portal Projectile        Hex/Tloc       0%         N/A       97%         3
 Tukima's Dance           Hex            0%         N/A       97%         3
 Blade Hands              Tmut           0%         N/A       100%        5
 Chain Lightning          Conj/Air       0%         N/A       100%        9
 Fire Storm               Conj/Fire      0%         5d1       100%        9
 Shatter                  Erth           0%         3d5*      100%        9


Dungeon Overview and Level Annotations

Branches:
Dungeon (5/15)
 Temple: D:4-7

Altars:
Ashenzari
Cheibriados
Hepliaklqana
Uskayaw
Wu Jian

Shops:
D:1 *

Annotations:
D:5 Menkaure


Innate Abilities, Weirdness & Mutations

You are immune to sickness and miasma.
Your stone body is resilient. (AC +4)
You are immune to poison.
You resist negative energy. (rN+)
You are resistant to electric shocks. (rElec)
You are resistant to unholy torment.
You are immune to petrification.


Message History

You can now pass through a line of other dancers.
You miss the hound.
The hound is heavily wounded.
The hound bites you but does no damage. x2
You closely miss the hound.
The hound is heavily wounded.
The hound bites you. The hound closely misses you.
The hound bites you but does no damage.
You closely miss the hound.
The hound is heavily wounded.
The hound barely misses you.
Menkaure, Prince of Dust comes into view.
The hound barely misses you.
You can no longer pass through a line of other dancers.
The hound bites you but does no damage. The hound attacks as you move away!
The hound completely misses you.
Found a scroll of poison.
The hound barely misses you. The hound bites you but does no damage.
A centaur comes into view.
The hound bites you but does no damage. The hound attacks as you move away!
The hound closely misses you.
Menkaure shouts!
The centaur shouts!
The centaur wields a +0 orcbow.
The centaur shoots an arrow.
The arrow barely misses you.
The centaur shoots an arrow.
The arrow hits you. The hound bites you but does no damage.
The hound attacks as you move away! The hound bites you but does no damage.
The centaur shoots an arrow.
The arrow closely misses you.
The centaur shoots an arrow.
The arrow barely misses you. The hound attacks as you move away!
The hound bites you.
The centaur shoots an arrow.
The arrow hits you. The hound closely misses you.
The centaur shoots an arrow.
The arrow hits you. The hound bites you. The hound attacks as you move away!
The hound bites you but does no damage.
The centaur shoots an arrow.
The arrow hits you!
* * * LOW HITPOINT WARNING * * *
The air fills with toxic fumes!
As you read the scroll of poison, it crumbles to dust.
The hound bites you but does no damage.
The centaur shoots an arrow.
The arrow hits you!
You die...

..........#.........#.....##.###
.........##.# #§§§#.<.#........#
.......M.##.# #§§#...#.......#
.........##.# #§§............#
.........§c§####§§...#....<#.##
.........§§§§§§§§#<..##...####
$........§§§§§§§§##..##...#
.........§§§§§§§§§#§####.##
...........#§§§h@§§§# ###
!.....#.#§§§§§##§§§§#
.(...##.##§§..###§§## .....
#.###....# ### .>... #.......##
..... #...##### .##. .... ..?.
...


You could see a centaur and a hound.

Vanquished Creatures
  Sigmund (D:3)
  Blork the orc (D:4)
  An iron imp (D:3)
  Ijyb (D:3)
  A sleepcap (D:4)
  Terence (D:3)
  Robin (D:4)
  6 adders
  A white imp (D:5)
  A worm (D:3)
  2 dart slugs
  6 orcs
  6 endoplasms
  3 giant cockroaches
  17 goblins
  3 hobgoblins
  2 jackals (D:2)
  3 quokkas
  7 ball pythons
  4 bats
  4 frilled lizards
  8 kobolds
  7 rats
87 creatures vanquished.

Notes
Turn   | Place    | Note
-------+----------+-------------------------------------------
     0 | D:1      | promet the Gargoyle Fighter began the quest for the Orb.
     0 | D:1      | Reached XP level 1. HP: 14/14 MP: 1/1
    70 | D:1      | Found Lumel's Assorted Antiques.
   224 | D:1      | Reached XP level 2. HP: 19/19 MP: 2/2
  1186 | D:2      | Reached XP level 3. HP: 24/24 MP: 3/3
  1357 | D:2      | Found a hide-covered altar of Uskayaw.
  1362 | D:2      | Became a worshipper of Uskayaw the Reveller
  1496 | D:2      | Reached * piety under Uskayaw
  1756 | D:3      | Noticed Sigmund
  1760 | D:3      | Reached ** piety under Uskayaw
  1764 | D:3      | Killed Sigmund
  1764 | D:3      | Reached *** piety under Uskayaw
  1765 | D:3      | Reached skill level 1 in Dodging
  1765 | D:3      | Reached XP level 4. HP: 19/29 MP: 4/4
  1765 | D:3      | Reached XP level 5. HP: 22/33 MP: 5/5
  1836 | D:3      | Noticed Ijyb
  1848 | D:3      | Killed Ijyb
  1849 | D:3      | Reached XP level 6. HP: 14/38 MP: 6/6
  2121 | D:3      | Reached skill level 1 in Ranged Weapons
  2161 | D:3      | Noticed Terence
  2167 | D:3      | Killed Terence
  2431 | D:3      | Found a snail-covered altar of Cheibriados.
  3013 | D:4      | Reached skill level 1 in Polearms
  3020 | D:4      | Noticed Blork the orc
  3028 | D:4      | Killed Blork the orc
  3186 | D:4      | Found a hazy altar of Hepliaklqana.
  3650 | D:4      | Identified the +2 robe "Cuack" {rCorr MP-9 Int+2 Dex+2}
  3669 | D:4      | Reached XP level 7. HP: 41/44 MP: 7/7
  3868 | D:4      | Noticed Robin
  4104 | D:4      | Found an ornate altar of the Wu Jian Council.
  4249 | D:4      | Found a broken altar of Ashenzari.
  4371 | D:4      | Killed Robin
  4610 | D:5      | Entered Level 5 of the Dungeon
  4655 | D:5      | Noticed Menkaure
  4669 | D:5      | Shot with an arrow by a centaur

Illustrated notes

Levels and vault maps discovered:
D:1:      sevenhm_arrival_forest_fort_large_4, layout_basic, serial_shops,
          nicolae_shop_stone, kennysheep_small_spiral, corexii_corridor_pit
D:2:      layout_loops_ring, basic_altar
D:3:      layout_loops_ring, slow_altar_1, uniq_terence, uniq_sigmund, uniq_ijyb
D:4:      layout_loops_cross, lemuel_crystal_altar, nzn_wu_jian_contemplation,
          nzn_hepliaklqana_mist_gate, minmay_misc_feat_ornament,
          uniq_blork_the_orc, uniq_robin
D:5:      layout_cave_pools, nicolae_overflow_hidden_temple, serial_undead,
          serial_undead_c, serial_undead_b, serial_undead_b, serial_undead_b,
          uniq_menkaure, uniq_crazy_yiuf_cottage

Skill      XL: |  1  2  3  4  5  6  7 |
---------------+----------------------+-----
Maces & Flails | 3 |  3.6
Armour         | 4 |  4.8
Dodging        | 1 |  1.1
Shields        | 4 |  4.4
Ranged Weapons | 1 |  1.2
Fighting       | 4 |  4.6
Polearms       | 1 2 |  2.1
Throwing       | |  0.5
Stealth        | |  0.1

Action                     |  1- 3 |  4- 6 |  7- 9 || total
---------------------------+-------+-------+-------++-------
  Melee: Flail             |   103 |     2 |       ||   105
         Halberd           |       |    97 |    66 ||   163
         Unarmed           |       |     3 |       ||     3
   Fire: Sling             |     4 |     9 |    12 ||    25
  Throw: Javelin           |     5 |     4 |       ||     9
    Use: Scroll            |     7 |     1 |     2 ||    10
         Potion            |     1 |       |       ||     1
 Armour: Scale mail        |    57 |    54 |    54 ||   165
  Dodge: Dodged            |    41 |    54 |    46 ||   141
  Block: Buckler           |    31 |       |       ||    31

Table legend: (Time is in decaauts)
 A = Elapsed time spent in this place.
 B = Non-inter-level travel time spent in this place.
 C = Inter-level travel time spent in this place.
 D = Time resting spent in this place.
 E = Time spent auto-exploring this place.
 F = Levels seen in this place.
 G = Mean time per level.
                   A        B        C        D        E       F      G
               +--------+--------+--------+--------+--------+-----+--------+
         Total |   4783 |   4706 |     77 |   1193 |   1854 |   5 |  956.6 |
       Dungeon |   4783 |   4706 |     77 |   1193 |   1854 |   5 |  956.6 |
               +--------+--------+--------+--------+--------+-----+--------+

Top non-repeatable levels by time:
     D:4: 1665 daAuts
     D:3: 1280 daAuts
     D:1: 1080 daAuts
     D:2: 692 daAuts
     D:5: 65 daAuts
